Atomiques vs Inferno
Created - 19 janvier 2015 at 19:03
Goals
|
| Atomiques |
1 |
2 |
0 |
3 |
| Inferno |
2 |
4 |
1 |
7 |
|
Shots
|
| Atomiques |
9 |
17 |
11 |
37 |
| Inferno |
12 |
12 |
12 |
36 |
|
1st period
1. Inferno , Cal O'Reilly 8 (Matt Kassian) at 1:07
2. Inferno , Colin Wilson 17 (Brad Marchand) at 4:01
3. Atomiques , Alexandre Daigle 30 (Brad Winchester) at 8:35
Penalties :
No Penalty
2nd period
4. Inferno , Pavel Vorobiev 18 (Stephane Veilleux) at 1:13
5. Inferno , Pavel Vorobiev 19 (Stephane Veilleux) at 2:07
6. Inferno , Jonathan Ferland 34 (Colin Wilson) at 9:28 (PP)
7. Atomiques , Tyler Brenner 12 (Alexander Sulzer, Davis Drewiske) at 15:24
8. Inferno , Brian Boyle 13 (Stephane Veilleux) at 15:59
9. Atomiques , Mitch Callahan 1 (Brett Sutter, Kenndal McArdle) at 19:53
Penalties :
Brad Winchester (STB) for Tripping (Minor) at 9:27, Logan Couture (STB) for Tripping (Minor) at 11:00
3rd period
10. Inferno , Jonathan Ferland 35 (Stephane Veilleux, Alex Berry) at 14:47
Penalties :
Colin Wilson (Anc) for Unsportsmanlike conduct (Major / Game Misconduct) at 8:40, Brad Winchester (STB) for Holding (Minor) at 14:50, Davis Drewiske (STB) for Unsportsmanlike conduct (Major / Game Misconduct) at 19:30, Yannick Weber (Anc) for Holding Stick (Minor) at 19:42
Goalie Stats
Alex Auld (STB), 10 saves from 14 shots - (0,714), L, 20-10-0, 22:07 minutes
Curtis McElhinney (STB), 19 saves from 22 shots - (0,864), 37:53 minutes
Josh Harding (Anc), 34 saves from 37 shots - (0,919), W, 21-10-3, 60:00 minutes
Players Stats for Atomiques
Player Name G A P +/- PIM S H SB GA TA FO MP PP MP PK MP
------------------------------------------------------------------------------------
Alexander Sulzer 0 1 1 -2 0 1 1 3 0 1 0/0 25:06 3:26 1:57
Alexandre Daigle 1 0 1 0 0 5 1 3 0 2 3/3 22:31 2:49 2:16
Andrew Kozek 0 0 0 -2 0 3 0 0 0 0 0/1 11:27 0:18 0:58
Anthony Nigro 0 0 0 0 0 0 0 0 0 0 0/0 0:00 0:00 0:00
Brad Winchester 0 1 1 0 4 1 3 0 2 1 5/7 21:34 2:49 1:19
Brett Sutter 0 1 1 1 0 4 0 0 1 0 3/5 8:42 0:00 1:06
Casey Borer 0 0 0 1 0 0 0 0 0 1 0/0 11:41 0:00 0:00
Clayton Stoner 0 0 0 -2 0 1 0 1 0 0 0/0 17:28 1:33 1:43
Davis Drewiske 0 1 1 -2 15 1 1 0 0 0 0/0 24:36 3:26 1:45
Drew Larman 0 0 0 0 0 0 0 0 0 0 0/0 0:00 0:00 0:00
John McCarthy 0 0 0 0 0 0 0 0 0 0 0/0 0:00 0:00 0:00
Kenndal McArdle 0 1 1 1 0 1 2 1 2 0 1/2 8:53 0:00 1:11
Kyle Wharton 0 0 0 -2 0 2 0 0 0 0 0/0 17:28 1:33 1:43
Linus Omark 0 0 0 -2 0 5 1 1 3 0 0/1 17:53 1:52 0:26
Logan Couture 0 0 0 0 2 3 1 1 3 1 12/23 20:40 2:49 0:35
Mac Bennett 0 0 0 0 0 0 0 1 0 0 0/0 5:29 0:00 0:00
Marc-André Cliche 0 0 0 -2 0 1 1 0 0 0 3/4 10:11 0:00 0:00
Mike Halmo 0 0 0 0 0 0 0 0 0 0 0/0 0:33 0:00 0:31
Mitch Callahan 1 0 1 1 0 1 1 0 0 0 0/0 7:51 0:15 0:00
Nick Johnson 0 0 0 -2 0 3 0 0 0 0 0/0 10:32 0:21 0:00
Roman Polak 0 0 0 0 0 0 0 0 0 0 0/0 6:02 0:00 0:31
Ryan Shannon 0 0 0 -2 0 3 5 1 1 0 1/1 17:21 1:52 0:00
Scott Jackson 0 0 0 1 0 0 0 0 0 0 0/0 12:09 0:00 0:43
Tyler Brenner 1 0 1 -2 0 2 2 1 1 0 6/13 17:21 1:52 0:00
Players Stats for Inferno
Player Name G A P +/- PIM S H SB GA TA FO MP PP MP PK MP
------------------------------------------------------------------------------------
Alex Berry 0 1 1 1 0 3 0 1 0 0 0/0 9:28 0:52 0:00
Brad Marchand 0 1 1 1 0 4 1 1 1 1 0/1 19:59 2:15 0:52
Brendan Mikkelson 0 0 0 1 0 0 1 3 0 1 0/0 18:42 0:40 1:44
Brian Boyle 1 0 1 1 0 2 2 1 0 3 6/15 18:31 0:50 2:59
Cal O'Reilly 1 0 1 0 0 2 0 0 0 0 0/5 9:53 1:49 0:46
Colin Wilson 1 1 2 1 15 3 1 0 0 1 17/30 17:23 1:09 0:00
David Savard 0 0 0 2 0 0 1 0 0 1 0/0 20:56 1:35 0:27
David Ullstrom 0 0 0 0 0 2 1 0 0 0 0/0 10:56 0:00 0:00
Jonathan Ferland 2 0 2 2 0 3 1 0 1 0 0/1 23:14 1:49 3:08
Mark Mitera 0 0 0 2 0 0 2 2 0 0 0/0 15:48 0:55 2:11
Matt Kassian 0 1 1 0 0 0 1 0 0 0 0/0 7:33 0:25 0:00
Pavel Vorobiev 2 0 2 1 0 5 1 2 0 1 0/0 14:32 0:02 0:00
Simon Danis-Pepin 0 0 0 1 0 1 1 0 0 0 0/0 14:47 0:00 2:48
Stephane Veilleux 0 4 4 2 0 3 4 0 2 0 2/3 19:07 1:43 1:30
Travis Hamonic 0 0 0 0 0 1 0 1 0 2 0/0 26:18 2:36 2:48
Vladimir Sobotka 0 0 0 0 0 2 1 0 1 0 1/5 12:04 0:11 0:43
Vladimir Zharkov 0 0 0 0 0 2 0 0 1 0 0/0 12:24 1:28 0:00
Yannick Weber 0 0 0 0 2 3 3 0 0 3 0/0 23:07 2:35 0:00
3 Stars
1 - Stephane Veilleux (Anc)
2 - Jonathan Ferland (Anc)
3 - Pavel Vorobiev (Anc)
Power Play
Atomiques - 0 on 2 Attempt(s) - 0,00%
Inferno - 1 on 4 Attempt(s) - 25,00%
Penalty Kill
Atomiques - 3 on 4 Attempt(s) - 75,00%
- Score 0 goal in Penalty Kill
Inferno - 2 on 2 Attempt(s) - 100,00%
- Score 0 goal in Penalty Kill
Team Stat
Atomiques - Hits : 19 - Faceoff Wins : 34 - Blocked Shots : 13 - Penalty Minutes : 21
Inferno - Hits : 21 - Faceoff Wins : 26 - Blocked Shots : 11 - Penalty Minutes : 17
Official
Referees : O'Halloran Dan and StLaurent Francois
Linesman : Pierre Champoux and Jean Morin
Game Notes
Curtis McElhinney enters game at 2:07 of 2nd period
Colin Wilson ejected from game at 8:40 of 3rd period
Brendan Mikkelson is injured at 12:10 of 3rd period (Right Foot)
Davis Drewiske ejected from game at 19:30 of 3rd period
Finance
Level 1 -- Attendance: 1362 (68,10%) -- Ticket Income 47 670 $
Level 2 -- Attendance: 721 (72,10%) -- Ticket Income 10 815 $
Total Attendance: 2083 (69,43%)
Total Ticket Income: 58 485 $
Other Income: 2 924 $
Total Income: 61 409 $
Atomiques
5 vs 5 Forward
Center Left Wing Right Wing Time % Phy DF OF
1 Logan Couture Brad Winchester Alexandre Daigle 40 1 2 2
2 Tyler Brenner Linus Omark Ryan Shannon 30 1 2 2
3 Marc-André Cliche Andrew Kozek Nick Johnson 20 1 2 2
4 Brett Sutter Kenndal McArdle Mitch Callahan 10 1 2 2
5 vs 5 Defense
Defense Defense Time % Phy DF OF
1 Alexander Sulzer Davis Drewiske 40 1 2 2
2 Clayton Stoner Kyle Wharton 30 1 2 2
3 Casey Borer Scott Jackson 20 1 2 2
4 Roman Polak Mac Bennett 10 1 2 2
PowerPlay Forward
Center Left Wing Right Wing Time % Phy DF OF
1 Logan Couture Brad Winchester Alexandre Daigle 60 1 2 2
2 Tyler Brenner Linus Omark Ryan Shannon 40 1 2 2
PowerPlay Defense
Defense Defense Time % Phy DF OF
1 Alexander Sulzer Davis Drewiske 60 1 2 2
2 Clayton Stoner Kyle Wharton 40 1 2 2
Penalty Kill 4 Players Forward
Center Wing Time % Phy DF OF
1 Brad Winchester Alexandre Daigle 60 1 2 2
2 Linus Omark Logan Couture 40 1 2 2
Penalty Kill 4 Players Defense
Defense Defense Time % Phy DF OF
1 Alexander Sulzer Davis Drewiske 60 1 2 2
2 Clayton Stoner Kyle Wharton 40 1 2 2
Penalty Kill - 3 Players Forward
Forward Time % Phy DF OF
1 Brad Winchester 60 1 2 2
2 Alexandre Daigle 40 1 2 2
Penalty Kill - 3 Players Defense
Defense Defense Time % Phy DF OF
1 Alexander Sulzer Davis Drewiske 60 1 2 2
2 Clayton Stoner Kyle Wharton 40 1 2 2
4 vs 4 Forward
Center Wing Time % Phy DF OF
1 Brad Winchester Alexandre Daigle 60 1 2 2
2 Linus Omark Logan Couture 40 1 2 2
4 vs 4 Defense
Defense Defense Time % Phy DF OF
1 Alexander Sulzer Davis Drewiske 60 1 2 2
2 Clayton Stoner Kyle Wharton 40 1 2 2
Last Minutes Offensive
Center Left Wing Right Wing Defense Defense
Logan Couture Brad Winchester Alexandre Daigle Alexander Sulzer Davis Drewiske
Last Minutes Defensive
Center Left Wing Right Wing Defense Defense
Logan Couture Brad Winchester Alexandre Daigle Alexander Sulzer Davis Drewiske
Goaltenders
Starting : Alex Auld
Backup : Curtis McElhinney
Extra Forwards
Normal : Nick Johnson, Andrew Kozek, Kenndal McArdle - PP : Nick Johnson, Andrew Kozek - PK : Kenndal McArdle
Extra Defensemen
Normal : Casey Borer, Scott Jackson, Roman Polak - PP : Casey Borer - PK : Scott Jackson, Roman Polak
Penalty Shots
Brad Winchester, Alexandre Daigle, Linus Omark, Logan Couture, Ryan Shannon
Inferno
5 vs 5 Forward
Center Left Wing Right Wing Time % Phy DF OF
1 Colin Wilson Brad Marchand Jonathan Ferland 40 1 2 2
2 Brian Boyle Stephane Veilleux Pavel Vorobiev 30 1 2 2
3 Vladimir Sobotka David Ullstrom Vladimir Zharkov 20 1 2 2
4 Cal O'Reilly Matt Kassian Alex Berry 10 1 2 2
5 vs 5 Defense
Defense Defense Time % Phy DF OF
1 Travis Hamonic Yannick Weber 40 1 2 2
2 Brendan Mikkelson David Savard 30 1 2 2
3 Simon Danis-Pepin Mark Mitera 20 1 2 2
4 Travis Hamonic Yannick Weber 10 1 2 2
PowerPlay Forward
Center Left Wing Right Wing Time % Phy DF OF
1 Colin Wilson Brad Marchand Jonathan Ferland 60 1 1 3
2 Cal O'Reilly Stephane Veilleux Vladimir Zharkov 40 1 1 3
PowerPlay Defense
Defense Defense Time % Phy DF OF
1 Travis Hamonic Yannick Weber 60 1 1 3
2 Brendan Mikkelson David Savard 40 1 1 3
Penalty Kill 4 Players Forward
Center Wing Time % Phy DF OF
1 Brian Boyle Jonathan Ferland 60 1 4 0
2 Vladimir Sobotka Stephane Veilleux 40 1 4 0
Penalty Kill 4 Players Defense
Defense Defense Time % Phy DF OF
1 Travis Hamonic Simon Danis-Pepin 60 1 4 0
2 Brendan Mikkelson Mark Mitera 40 1 4 0
Penalty Kill - 3 Players Forward
Forward Time % Phy DF OF
1 Brian Boyle 60 1 4 0
2 Jonathan Ferland 40 1 4 0
Penalty Kill - 3 Players Defense
Defense Defense Time % Phy DF OF
1 Travis Hamonic Simon Danis-Pepin 60 1 4 0
2 Brendan Mikkelson Mark Mitera 40 1 4 0
4 vs 4 Forward
Center Wing Time % Phy DF OF
1 Colin Wilson Stephane Veilleux 60 1 2 2
2 Vladimir Sobotka Jonathan Ferland 40 1 2 2
4 vs 4 Defense
Defense Defense Time % Phy DF OF
1 Travis Hamonic Yannick Weber 60 1 2 2
2 Brendan Mikkelson David Savard 40 1 2 2
Last Minutes Offensive
Center Left Wing Right Wing Defense Defense
Colin Wilson Brad Marchand Jonathan Ferland Travis Hamonic Yannick Weber
Last Minutes Defensive
Center Left Wing Right Wing Defense Defense
Vladimir Sobotka Brad Marchand Jonathan Ferland Travis Hamonic Brendan Mikkelson
Goaltenders
Starting : Josh Harding
Backup : Jonathan Boutin
Extra Forwards
Normal : Stephane Veilleux, Jonathan Ferland, Vladimir Zharkov - PP : Stephane Veilleux, Colin Wilson - PK : Stephane Veilleux
Extra Defensemen
Normal : David Savard, Travis Hamonic, Brendan Mikkelson - PP : Yannick Weber - PK : Brendan Mikkelson, David Savard
Penalty Shots
Cal O'Reilly, Colin Wilson, Stephane Veilleux, Jonathan Ferland, Vladimir Zharkov
% Time on Ice - Atomiques
Lines # - Real PCT - Wanted PCT - Time Play
Normal Forward
1 - 34% - 40% - 17:11
2 - 31% - 30% - 15:35
3 - 20% - 20% - 10:11
4 - 15% - 10% - 7:36
Normal Defense
1 - 39% - 40% - 19:28
2 - 28% - 30% - 14:12
3 - 23% - 20% - 11:24
4 - 11% - 10% - 5:29
PP Forward
1 - 57% - 60% - 2:49
2 - 43% - 40% - 2:10
PP Defense
1 - 69% - 60% - 3:26
2 - 31% - 40% - 1:33
PK Forward
1 - 90% - 60% - 3:45
2 - 10% - 40% - 0:26
PK Defense
1 - 59% - 60% - 2:28
2 - 41% - 40% - 1:43
PK3 Forward
1 - 0% - 60%
2 - 0% - 40%
PK3 Defense
1 - 0% - 60%
2 - 0% - 40%
44 Forward
1 - 100% - 60% - 0:17
2 - 0% - 40% - 0:00
44 Defense
1 - 100% - 60% - 0:17
2 - 0% - 40% - 0:00
Last Minute Offensive - 0:00
Last Minute Defensive - 0:00
Total
Forward - 60:00
Defense - 60:00
|
% Time on Ice - Inferno
Lines # - Real PCT - Wanted PCT - Time Play
Normal Forward
1 - 36% - 40% - 18:01
2 - 29% - 30% - 14:29
3 - 22% - 20% - 10:56
4 - 14% - 10% - 7:07
Normal Defense
1 - 34% - 40% - 17:20
2 - 39% - 30% - 19:33
3 - 22% - 20% - 11:03
4 - 5% - 10% - 2:37
PP Forward
1 - 65% - 60% - 2:43
2 - 35% - 40% - 1:28
PP Defense
1 - 62% - 60% - 2:36
2 - 38% - 40% - 1:35
PK Forward
1 - 86% - 60% - 4:16
2 - 14% - 40% - 0:43
PK Defense
1 - 56% - 60% - 2:48
2 - 44% - 40% - 2:11
PK3 Forward
1 - 0% - 60%
2 - 0% - 40%
PK3 Defense
1 - 0% - 60%
2 - 0% - 40%
44 Forward
1 - 100% - 60% - 0:17
2 - 0% - 40% - 0:00
44 Defense
1 - 100% - 60% - 0:17
2 - 0% - 40% - 0:00
Last Minute Offensive - 0:00
Last Minute Defensive - 0:00
Total
Forward - 60:00
Defense - 60:00
|
Play by Play
1st period
0:01 of 1st period - Colin Wilson wins face-off versus Logan Couture in neutral zone.
0:14 of 1st period - Wrist shot by Brad Winchester.
0:14 of 1st period - Shot Misses the Net.
1:07 of 1st period - Snap shot by Cal O'Reilly.
1:07 of 1st period - Goal by Cal O'Reilly - Atomiques : 0 - Inferno : 1.
1:08 of 1st period - Colin Wilson wins face-off versus Logan Couture in neutral zone.
1:11 of 1st period - Snap shot by Jonathan Ferland.
1:11 of 1st period - Shot Misses the Net.
3:38 of 1st period - Slapshot by Vladimir Zharkov.
3:38 of 1st period - Stopped by Alex Auld with a rebound.
4:01 of 1st period - Snap shot by Colin Wilson.
4:01 of 1st period - Goal by Colin Wilson - Atomiques : 0 - Inferno : 2.
4:02 of 1st period - Logan Couture wins face-off versus Colin Wilson in neutral zone.
4:15 of 1st period - Snap shot by Brad Winchester.
4:15 of 1st period - Shot Blocked by Brad Marchand.
4:38 of 1st period - Slapshot by Pavel Vorobiev.
4:38 of 1st period - Shot Misses the Net.
4:56 of 1st period - Wrist shot by Vladimir Sobotka.
4:56 of 1st period - Stopped by Alex Auld with a rebound.
5:08 of 1st period - David Savard is hit by Kenndal McArdle and loses puck.
5:59 of 1st period - Wrist shot by Ryan Shannon.
5:59 of 1st period - Stopped by Josh Harding without a rebound.
6:00 of 1st period - Brian Boyle wins face-off versus Logan Couture in Inferno zone.
6:25 of 1st period - Snap shot by Vladimir Zharkov.
6:25 of 1st period - Shot Blocked by Mac Bennett.
6:33 of 1st period - Snap shot by Linus Omark.
6:33 of 1st period - Shot Blocked by Brendan Mikkelson.
6:35 of 1st period - Snap shot by Tyler Brenner.
6:35 of 1st period - Stopped by Josh Harding without a rebound.
6:36 of 1st period - Logan Couture wins face-off versus Colin Wilson in Inferno zone.
6:47 of 1st period - Wrist shot by Brad Marchand.
6:47 of 1st period - Stopped by Alex Auld with a rebound.
7:36 of 1st period - Snap shot by Alex Berry.
7:36 of 1st period - Shot Misses the Net.
7:56 of 1st period - Vladimir Sobotka is hit by Kenndal McArdle and loses puck.
8:35 of 1st period - Wrist shot by Alexandre Daigle.
8:35 of 1st period - Goal by Alexandre Daigle - Atomiques : 1 - Inferno : 2.
8:36 of 1st period - Colin Wilson wins face-off versus Tyler Brenner in neutral zone.
8:51 of 1st period - Wrist shot by Brad Marchand.
8:51 of 1st period - Stopped by Alex Auld without a rebound.
8:52 of 1st period - Logan Couture wins face-off versus Brian Boyle in Atomiques zone.
9:05 of 1st period - Backhand shot by Stephane Veilleux.
9:05 of 1st period - Stopped by Alex Auld with a rebound.
9:07 of 1st period - Wrist shot by Travis Hamonic.
9:07 of 1st period - Stopped by Alex Auld with a rebound.
10:13 of 1st period - Slapshot by Nick Johnson.
10:13 of 1st period - Stopped by Josh Harding without a rebound.
10:14 of 1st period - Tyler Brenner wins face-off versus Brian Boyle in Inferno zone.
10:51 of 1st period - Kenndal McArdle is hit by Stephane Veilleux and loses puck.
11:44 of 1st period - Casey Borer is hit by David Savard and loses puck.
12:36 of 1st period - Slapshot by Vladimir Zharkov.
12:36 of 1st period - Shot Misses the Net.
12:53 of 1st period - Icing by Davis Drewiske.
12:54 of 1st period - Brett Sutter wins face-off versus Brian Boyle in Atomiques zone.
12:54 of 1st period - Brett Sutter is hit by Stephane Veilleux.
13:04 of 1st period - Wrist shot by Brett Sutter.
13:04 of 1st period - Stopped by Josh Harding with a rebound.
13:06 of 1st period - Wrist shot by Kenndal McArdle.
13:06 of 1st period - Shot Misses the Net.
13:08 of 1st period - Wrist shot by Brett Sutter.
13:08 of 1st period - Stopped by Josh Harding without a rebound.
13:09 of 1st period - Tyler Brenner wins face-off versus Colin Wilson in Inferno zone.
13:10 of 1st period - Slapshot by Linus Omark.
13:10 of 1st period - Stopped by Josh Harding without a rebound.
13:11 of 1st period - Colin Wilson wins face-off versus Tyler Brenner in Inferno zone.
13:26 of 1st period - Snap shot by Jonathan Ferland.
13:26 of 1st period - Shot Misses the Net.
14:00 of 1st period - Slapshot by David Ullstrom.
14:00 of 1st period - Stopped by Alex Auld without a rebound.
14:01 of 1st period - Vladimir Sobotka wins face-off versus Tyler Brenner in Atomiques zone.
14:27 of 1st period - Kyle Wharton is hit by Yannick Weber and loses puck.
14:33 of 1st period - Off-side.
14:34 of 1st period - Colin Wilson wins face-off versus Linus Omark in neutral zone.
15:07 of 1st period - Off-side.
15:08 of 1st period - Logan Couture wins face-off versus Brian Boyle in neutral zone.
15:13 of 1st period - Backhand shot by Brad Winchester.
15:13 of 1st period - Shot Misses the Net.
15:15 of 1st period - Snap shot by Alexander Sulzer.
15:15 of 1st period - Stopped by Josh Harding with a rebound.
15:17 of 1st period - Slapshot by Alexander Sulzer.
15:17 of 1st period - Shot Blocked by Travis Hamonic.
15:19 of 1st period - Wrist shot by Alexandre Daigle.
15:19 of 1st period - Shot Blocked by Brian Boyle.
15:42 of 1st period - Snap shot by Jonathan Ferland.
15:42 of 1st period - Stopped by Alex Auld with a rebound.
15:44 of 1st period - Snap shot by Jonathan Ferland.
15:44 of 1st period - Shot Blocked by Tyler Brenner.
16:24 of 1st period - Snap shot by Alex Berry.
16:24 of 1st period - Stopped by Alex Auld without a rebound.
16:25 of 1st period - Colin Wilson wins face-off versus Logan Couture in Atomiques zone.
16:39 of 1st period - Wrist shot by Jonathan Ferland.
16:39 of 1st period - Shot Misses the Net.
16:41 of 1st period - Slapshot by Colin Wilson.
16:41 of 1st period - Shot Misses the Net.
17:54 of 1st period - Vladimir Zharkov is hit by Logan Couture and loses puck.
18:26 of 1st period - Snap shot by Pavel Vorobiev.
18:26 of 1st period - Stopped by Alex Auld without a rebound.
18:27 of 1st period - Logan Couture wins face-off versus Colin Wilson in Atomiques zone.
18:52 of 1st period - Pavel Vorobiev is hit by Ryan Shannon and loses puck.
19:01 of 1st period - Wrist shot by Ryan Shannon.
19:01 of 1st period - Shot Blocked by Pavel Vorobiev.
19:03 of 1st period - Snap shot by Tyler Brenner.
19:03 of 1st period - Shot Misses the Net.
19:05 of 1st period - Wrist shot by Linus Omark.
19:05 of 1st period - Stopped by Josh Harding without a rebound.
19:06 of 1st period - Marc-André Cliche wins face-off versus Colin Wilson in Inferno zone.
19:07 of 1st period - Slapshot by Nick Johnson.
19:07 of 1st period - Shot Misses the Net.
19:15 of 1st period - Marc-André Cliche is hit by Brad Marchand.
19:37 of 1st period - Wrist shot by Andrew Kozek.
19:37 of 1st period - Shot Blocked by Alex Berry.
Goals for this period are 1 for Atomiques vs 2 for Inferno.
Shots for this period are 9 for Atomiques vs 12 for Inferno.
2nd period
0:01 of 2nd period - Logan Couture wins face-off versus Colin Wilson in neutral zone.
0:36 of 2nd period - Slapshot by Linus Omark.
0:36 of 2nd period - Stopped by Josh Harding with a rebound.
0:38 of 2nd period - Wrist shot by Kyle Wharton.
0:38 of 2nd period - Stopped by Josh Harding without a rebound.
0:39 of 2nd period - Colin Wilson wins face-off versus Marc-André Cliche in Inferno zone.
0:50 of 2nd period - Wrist shot by Jonathan Ferland.
0:50 of 2nd period - Shot Misses the Net.
1:13 of 2nd period - Snap shot by Pavel Vorobiev.
1:13 of 2nd period - Goal by Pavel Vorobiev - Atomiques : 1 - Inferno : 3.
1:14 of 2nd period - Alexandre Daigle wins face-off versus Brad Marchand in neutral zone.
1:19 of 2nd period - Snap shot by Alexandre Daigle.
1:19 of 2nd period - Deflect By Brad Winchester.
1:19 of 2nd period - Stopped by Josh Harding without a rebound.
1:20 of 2nd period - Brad Winchester wins face-off versus Colin Wilson in Inferno zone.
1:49 of 2nd period - Wrist shot by Linus Omark.
1:49 of 2nd period - Deflect By Ryan Shannon.
1:49 of 2nd period - Stopped by Josh Harding with a rebound.
1:51 of 2nd period - Snap shot by Davis Drewiske.
1:51 of 2nd period - Deflect By Linus Omark.
1:51 of 2nd period - Deflect By Pavel Vorobiev.
1:51 of 2nd period - Shot Misses the Net.
1:51 of 2nd period - Puck is out of play.
1:52 of 2nd period - Tyler Brenner wins face-off versus Brian Boyle in Inferno zone.
1:57 of 2nd period - Slapshot by Ryan Shannon.
1:57 of 2nd period - Shot Misses the Net.
2:07 of 2nd period - Snap shot by Pavel Vorobiev.
2:07 of 2nd period - Goal by Pavel Vorobiev - Atomiques : 1 - Inferno : 4.
2:07 of 2nd period - Curtis McElhinney enters game.
2:08 of 2nd period - Alexandre Daigle wins face-off versus Colin Wilson in neutral zone.
2:34 of 2nd period - Tyler Brenner is hit by Stephane Veilleux and loses puck.
3:39 of 2nd period - Snap shot by Colin Wilson.
3:39 of 2nd period - Shot Blocked by Alexandre Daigle.
4:21 of 2nd period - Slapshot by Alexandre Daigle.
4:21 of 2nd period - Stopped by Josh Harding without a rebound.
4:22 of 2nd period - Marc-André Cliche wins face-off versus Cal O'Reilly in Inferno zone.
4:27 of 2nd period - Wrist shot by Andrew Kozek.
4:27 of 2nd period - Stopped by Josh Harding without a rebound.
4:28 of 2nd period - Colin Wilson wins face-off versus Brett Sutter in Inferno zone.
4:33 of 2nd period - Wrist shot by Brad Marchand.
4:33 of 2nd period - Shot Misses the Net.
4:41 of 2nd period - Snap shot by Brad Marchand.
4:41 of 2nd period - Shot Misses the Net.
4:55 of 2nd period - Snap shot by Logan Couture.
4:55 of 2nd period - Stopped by Josh Harding with a rebound.
5:03 of 2nd period - Wrist shot by Stephane Veilleux.
5:03 of 2nd period - Stopped by Curtis McElhinney with a rebound.
5:05 of 2nd period - Snap shot by Stephane Veilleux.
5:05 of 2nd period - Stopped by Curtis McElhinney without a rebound.
5:06 of 2nd period - Tyler Brenner wins face-off versus Vladimir Sobotka in Atomiques zone.
5:08 of 2nd period - Icing by Ryan Shannon.
5:09 of 2nd period - Tyler Brenner wins face-off versus Vladimir Sobotka in Atomiques zone.
6:12 of 2nd period - Snap shot by Alexandre Daigle.
6:12 of 2nd period - Stopped by Josh Harding without a rebound.
6:13 of 2nd period - Colin Wilson wins face-off versus Andrew Kozek in Inferno zone.
6:24 of 2nd period - Snap shot by Jonathan Ferland.
6:24 of 2nd period - Shot Hit the Post.
6:38 of 2nd period - Andrew Kozek is hit by David Ullstrom and loses puck.
6:45 of 2nd period - Snap shot by Vladimir Sobotka.
6:45 of 2nd period - Shot Blocked by Clayton Stoner.
6:47 of 2nd period - Wrist shot by David Ullstrom.
6:47 of 2nd period - Stopped by Curtis McElhinney without a rebound.
6:48 of 2nd period - Colin Wilson wins face-off versus Tyler Brenner in Atomiques zone.
7:54 of 2nd period - Brendan Mikkelson is hit by Marc-André Cliche and loses puck.
8:23 of 2nd period - Snap shot by Colin Wilson.
8:23 of 2nd period - Stopped by Curtis McElhinney with a rebound.
8:41 of 2nd period - Wrist shot by Stephane Veilleux.
8:41 of 2nd period - Shot Blocked by Ryan Shannon.
8:43 of 2nd period - Wrist shot by Brian Boyle.
8:43 of 2nd period - Stopped by Curtis McElhinney with a rebound.
9:09 of 2nd period - Wrist shot by Kenndal McArdle.
9:09 of 2nd period - Stopped by Josh Harding with a rebound.
9:19 of 2nd period - Mark Mitera is hit by Alexander Sulzer and loses puck.
9:27 of 2nd period - Minor Penalty to Brad Winchester for Tripping.
9:28 of 2nd period - Colin Wilson wins face-off versus Kenndal McArdle in Atomiques zone.
9:28 of 2nd period - Slapshot by Jonathan Ferland.
9:28 of 2nd period - Goal by Jonathan Ferland - Atomiques : 1 - Inferno : 5.
9:29 of 2nd period - Colin Wilson wins face-off versus Logan Couture in neutral zone.
9:40 of 2nd period - Wrist shot by Jonathan Ferland.
9:40 of 2nd period - Shot Blocked by Logan Couture.
10:08 of 2nd period - Wrist shot by Pavel Vorobiev.
10:08 of 2nd period - Stopped by Curtis McElhinney with a rebound.
10:22 of 2nd period - Snap shot by Brett Sutter.
10:22 of 2nd period - Stopped by Josh Harding without a rebound.
10:23 of 2nd period - Colin Wilson wins face-off versus Brett Sutter in Inferno zone.
10:57 of 2nd period - Slapshot by Cal O'Reilly.
10:57 of 2nd period - Deflect By Kenndal McArdle.
10:57 of 2nd period - Stopped by Curtis McElhinney without a rebound.
10:58 of 2nd period - Logan Couture wins face-off versus Colin Wilson in Atomiques zone.
11:00 of 2nd period - Minor Penalty to Logan Couture for Tripping.
11:01 of 2nd period - Colin Wilson wins face-off versus Brad Winchester in Atomiques zone.
11:15 of 2nd period - Jonathan Ferland is hit by Brad Winchester and loses puck.
11:31 of 2nd period - Icing by Travis Hamonic.
11:32 of 2nd period - Brad Winchester wins face-off versus Cal O'Reilly in Inferno zone.
11:53 of 2nd period - Slapshot by Stephane Veilleux.
11:53 of 2nd period - Shot Misses the Net.
13:00 of 2nd period - Penalty to Logan Couture is over, Logan Couture is back on ice.
13:17 of 2nd period - Snap shot by Andrew Kozek.
13:17 of 2nd period - Stopped by Josh Harding with a rebound.
13:19 of 2nd period - Snap shot by Andrew Kozek.
13:19 of 2nd period - Shot Blocked by Brendan Mikkelson.
13:42 of 2nd period - Icing by Vladimir Zharkov.
13:43 of 2nd period - Brett Sutter wins face-off versus Cal O'Reilly in Inferno zone.
13:58 of 2nd period - Slapshot by Brendan Mikkelson.
13:58 of 2nd period - Shot Blocked by Kenndal McArdle.
14:41 of 2nd period - Slapshot by Alexandre Daigle.
14:41 of 2nd period - Shot Misses the Net.
15:08 of 2nd period - Wrist shot by Stephane Veilleux.
15:08 of 2nd period - Shot Blocked by Linus Omark.
15:10 of 2nd period - Slapshot by Simon Danis-Pepin.
15:10 of 2nd period - Shot Blocked by Alexander Sulzer.
15:12 of 2nd period - Slapshot by Simon Danis-Pepin.
15:12 of 2nd period - Shot Misses the Net.
15:20 of 2nd period - Slapshot by Davis Drewiske.
15:20 of 2nd period - Shot Blocked by Mark Mitera.
15:22 of 2nd period - Slapshot by Alexander Sulzer.
15:22 of 2nd period - Shot Blocked by Mark Mitera.
15:24 of 2nd period - Snap shot by Tyler Brenner.
15:24 of 2nd period - Goal by Tyler Brenner - Atomiques : 2 - Inferno : 5.
15:25 of 2nd period - Colin Wilson wins face-off versus Logan Couture in neutral zone.
15:36 of 2nd period - Backhand shot by Logan Couture.
15:36 of 2nd period - Stopped by Josh Harding without a rebound.
15:37 of 2nd period - Colin Wilson wins face-off versus Logan Couture in Inferno zone.
15:42 of 2nd period - Snap shot by Colin Wilson.
15:42 of 2nd period - Shot Misses the Net.
15:51 of 2nd period - Off-side.
15:52 of 2nd period - Brian Boyle wins face-off versus Tyler Brenner in neutral zone.
15:55 of 2nd period - Ryan Shannon is hit by Stephane Veilleux.
15:59 of 2nd period - Wrist shot by Brian Boyle.
15:59 of 2nd period - Goal by Brian Boyle - Atomiques : 2 - Inferno : 6.
16:00 of 2nd period - Logan Couture wins face-off versus Colin Wilson in neutral zone.
16:25 of 2nd period - Pavel Vorobiev is hit by Linus Omark and loses puck.
16:50 of 2nd period - Snap shot by Brett Sutter.
16:50 of 2nd period - Shot Blocked by Pavel Vorobiev.
17:35 of 2nd period - Wrist shot by Clayton Stoner.
17:35 of 2nd period - Deflect By Marc-André Cliche.
17:35 of 2nd period - Stopped by Josh Harding with a rebound.
17:37 of 2nd period - Snap shot by Andrew Kozek.
17:37 of 2nd period - Stopped by Josh Harding with a rebound.
17:39 of 2nd period - Slapshot by Nick Johnson.
17:39 of 2nd period - Shot Misses the Net.
18:07 of 2nd period - Tyler Brenner is hit by Colin Wilson and loses puck.
18:18 of 2nd period - Snap shot by Linus Omark.
18:18 of 2nd period - Shot Misses the Net.
18:38 of 2nd period - Wrist shot by Alexandre Daigle.
18:38 of 2nd period - Stopped by Josh Harding with a rebound.
19:00 of 2nd period - Snap shot by Vladimir Zharkov.
19:00 of 2nd period - Stopped by Curtis McElhinney without a rebound.
19:01 of 2nd period - Marc-André Cliche wins face-off versus Vladimir Sobotka in Atomiques zone.
19:26 of 2nd period - Simon Danis-Pepin is hit by Alexandre Daigle and loses puck.
19:51 of 2nd period - Wrist shot by Brett Sutter.
19:51 of 2nd period - Shot Misses the Net.
19:53 of 2nd period - Snap shot by Mitch Callahan.
19:53 of 2nd period - Goal by Mitch Callahan - Atomiques : 3 - Inferno : 6.
19:54 of 2nd period - Logan Couture wins face-off versus Colin Wilson in neutral zone.
Goals for this period are 2 for Atomiques vs 4 for Inferno.
Shots for this period are 17 for Atomiques vs 12 for Inferno.
3rd period
0:01 of 3rd period - Alexandre Daigle wins face-off versus Colin Wilson in neutral zone.
0:14 of 3rd period - Wrist shot by Brad Marchand.
0:14 of 3rd period - Stopped by Curtis McElhinney with a rebound.
0:16 of 3rd period - Slapshot by Travis Hamonic.
0:16 of 3rd period - Shot Blocked by Alexandre Daigle.
0:26 of 3rd period - Stephane Veilleux is hit by Davis Drewiske and loses puck.
1:08 of 3rd period - Brett Sutter is hit by Brendan Mikkelson and loses puck.
1:29 of 3rd period - Wrist shot by Colin Wilson.
1:29 of 3rd period - Shot Misses the Net.
1:31 of 3rd period - Slapshot by Simon Danis-Pepin.
1:31 of 3rd period - Deflect By Brad Winchester.
1:31 of 3rd period - Stopped by Curtis McElhinney with a rebound.
1:44 of 3rd period - Davis Drewiske is hit by Jonathan Ferland and loses puck.
1:49 of 3rd period - Snap shot by Brad Marchand.
1:49 of 3rd period - Stopped by Curtis McElhinney without a rebound.
1:50 of 3rd period - Tyler Brenner wins face-off versus Brian Boyle in Atomiques zone.
1:55 of 3rd period - Wrist shot by Linus Omark.
1:55 of 3rd period - Stopped by Josh Harding with a rebound.
2:03 of 3rd period - Wrist shot by Stephane Veilleux.
2:03 of 3rd period - Shot Misses the Net.
2:22 of 3rd period - Wrist shot by Marc-André Cliche.
2:22 of 3rd period - Deflect By Nick Johnson.
2:22 of 3rd period - Stopped by Josh Harding with a rebound.
2:24 of 3rd period - Slapshot by Nick Johnson.
2:24 of 3rd period - Shot Misses the Net.
2:26 of 3rd period - Wrist shot by Nick Johnson.
2:26 of 3rd period - Stopped by Josh Harding without a rebound.
2:27 of 3rd period - Colin Wilson wins face-off versus Logan Couture in Inferno zone.
2:58 of 3rd period - Wrist shot by Stephane Veilleux.
2:58 of 3rd period - Shot Hit the Post.
3:04 of 3rd period - Stephane Veilleux is hit by Ryan Shannon and loses puck.
3:15 of 3rd period - Andrew Kozek is hit by Vladimir Sobotka and loses puck.
3:20 of 3rd period - Snap shot by Vladimir Sobotka.
3:20 of 3rd period - Shot Misses the Net.
3:33 of 3rd period - Icing by Yannick Weber.
3:34 of 3rd period - Brett Sutter wins face-off versus Cal O'Reilly in Inferno zone.
3:37 of 3rd period - Wrist shot by Brett Sutter.
3:37 of 3rd period - Stopped by Josh Harding with a rebound.
3:45 of 3rd period - Slapshot by Yannick Weber.
3:45 of 3rd period - Stopped by Curtis McElhinney with a rebound.
3:47 of 3rd period - Slapshot by Yannick Weber.
3:47 of 3rd period - Stopped by Curtis McElhinney with a rebound.
3:49 of 3rd period - Snap shot by Matt Kassian.
3:49 of 3rd period - Shot Misses the Net.
4:20 of 3rd period - Linus Omark is hit by Brian Boyle and loses puck.
4:37 of 3rd period - Casey Borer is hit by Mark Mitera and loses puck.
4:42 of 3rd period - Snap shot by Vladimir Sobotka.
4:42 of 3rd period - Stopped by Curtis McElhinney with a rebound.
4:44 of 3rd period - Backhand shot by David Ullstrom.
4:44 of 3rd period - Shot Misses the Net.
4:54 of 3rd period - Scott Jackson is hit by Yannick Weber and loses puck.
6:03 of 3rd period - Slapshot by Brett Sutter.
6:03 of 3rd period - Shot Blocked by Brendan Mikkelson.
6:05 of 3rd period - Snap shot by Casey Borer.
6:05 of 3rd period - Shot Misses the Net.
6:27 of 3rd period - Wrist shot by Colin Wilson.
6:27 of 3rd period - Stopped by Curtis McElhinney without a rebound.
6:28 of 3rd period - Ryan Shannon wins face-off versus Brian Boyle in Atomiques zone.
6:28 of 3rd period - Ryan Shannon is hit by Pavel Vorobiev.
6:42 of 3rd period - Wrist shot by Pavel Vorobiev.
6:42 of 3rd period - Stopped by Curtis McElhinney without a rebound.
6:43 of 3rd period - Logan Couture wins face-off versus Colin Wilson in Atomiques zone.
7:10 of 3rd period - Ryan Shannon is hit by Yannick Weber and loses puck.
8:40 of 3rd period - Major / Game Misconduct Penalty to Colin Wilson for Unsportsmanlike conduct.
8:40 of 3rd period - Colin Wilson is ejected from game.
8:41 of 3rd period - Brian Boyle wins face-off versus Logan Couture in Inferno zone.
8:41 of 3rd period - Brian Boyle is hit by Brad Winchester.
8:48 of 3rd period - Icing by Logan Couture.
8:49 of 3rd period - Logan Couture wins face-off versus Brian Boyle in Atomiques zone.
9:19 of 3rd period - Wrist shot by Logan Couture.
9:19 of 3rd period - Stopped by Josh Harding with a rebound.
9:21 of 3rd period - Wrist shot by Alexandre Daigle.
9:21 of 3rd period - Stopped by Josh Harding without a rebound.
9:22 of 3rd period - Brian Boyle wins face-off versus Tyler Brenner in Inferno zone.
9:22 of 3rd period - Brian Boyle is hit by Ryan Shannon.
9:49 of 3rd period - Icing by Tyler Brenner.
9:50 of 3rd period - Stephane Veilleux wins face-off versus Logan Couture in Atomiques zone.
10:18 of 3rd period - Snap shot by Ryan Shannon.
10:18 of 3rd period - Stopped by Josh Harding with a rebound.
10:20 of 3rd period - Snap shot by Linus Omark.
10:20 of 3rd period - Stopped by Josh Harding with a rebound.
12:02 of 3rd period - Alexander Sulzer is hit by Mark Mitera and loses puck.
12:09 of 3rd period - Brendan Mikkelson is hit by Mitch Callahan and loses puck.
12:10 of 3rd period - Brendan Mikkelson from Inferno is injured at 12:10 of 3rd period (Right Foot).
12:11 of 3rd period - Brad Winchester wins face-off versus Brian Boyle in Inferno zone.
12:25 of 3rd period - Icing by Logan Couture.
12:26 of 3rd period - Brian Boyle wins face-off versus Logan Couture in Atomiques zone.
12:41 of 3rd period - Wrist shot by Logan Couture.
12:41 of 3rd period - Shot Misses the Net.
12:43 of 3rd period - Slapshot by Davis Drewiske.
12:43 of 3rd period - Stopped by Josh Harding without a rebound.
12:44 of 3rd period - Brian Boyle wins face-off versus Tyler Brenner in Inferno zone.
12:44 of 3rd period - Brian Boyle is hit by Tyler Brenner.
13:11 of 3rd period - Alexandre Daigle is hit by Simon Danis-Pepin and loses puck.
13:33 of 3rd period - Stephane Veilleux is hit by Ryan Shannon.
13:40 of 3rd period - Penalty to Colin Wilson is over, Alex Berry is send on ice.
14:01 of 3rd period - Wrist shot by Jonathan Ferland.
14:01 of 3rd period - Shot Misses the Net.
14:09 of 3rd period - Wrist shot by Jonathan Ferland.
14:09 of 3rd period - Shot Blocked by Alexander Sulzer.
14:13 of 3rd period - Slapshot by Jonathan Ferland.
14:13 of 3rd period - Deflect By Alex Berry.
14:13 of 3rd period - Stopped by Curtis McElhinney with a rebound.
14:29 of 3rd period - Wrist shot by Jonathan Ferland.
14:29 of 3rd period - Shot Blocked by Alexander Sulzer.
14:31 of 3rd period - Snap shot by Alex Berry.
14:31 of 3rd period - Stopped by Curtis McElhinney with a rebound.
14:47 of 3rd period - Snap shot by Jonathan Ferland.
14:47 of 3rd period - Goal by Jonathan Ferland - Atomiques : 3 - Inferno : 7.
14:48 of 3rd period - Logan Couture wins face-off versus Vladimir Sobotka in neutral zone.
14:50 of 3rd period - Minor Penalty to Brad Winchester for Holding.
14:51 of 3rd period - Kenndal McArdle wins face-off versus Cal O'Reilly in Atomiques zone.
14:55 of 3rd period - Slapshot by Kyle Wharton.
14:55 of 3rd period - Deflect By Yannick Weber.
14:55 of 3rd period - Stopped by Josh Harding with a rebound.
14:57 of 3rd period - Snap shot by Kenndal McArdle.
14:57 of 3rd period - Shot Misses the Net.
14:59 of 3rd period - Wrist shot by Kenndal McArdle.
14:59 of 3rd period - Shot Misses the Net.
15:01 of 3rd period - Slapshot by Clayton Stoner.
15:01 of 3rd period - Deflect By Cal O'Reilly.
15:01 of 3rd period - Stopped by Josh Harding with a rebound.
15:29 of 3rd period - Davis Drewiske is hit by Brian Boyle and loses puck.
16:40 of 3rd period - Scott Jackson is hit by Matt Kassian and loses puck.
16:50 of 3rd period - Penalty to Brad Winchester is over, Brad Winchester is back on ice.
16:57 of 3rd period - Vladimir Zharkov is hit by Ryan Shannon.
17:01 of 3rd period - David Ullstrom is hit by Tyler Brenner and loses puck.
19:01 of 3rd period - Brian Boyle is hit by Brad Winchester and loses puck.
19:08 of 3rd period - Wrist shot by Alexandre Daigle.
19:08 of 3rd period - Shot Misses the Net.
19:30 of 3rd period - Major / Game Misconduct Penalty to Davis Drewiske for Unsportsmanlike conduct.
19:30 of 3rd period - Davis Drewiske is ejected from game.
19:31 of 3rd period - Stephane Veilleux wins face-off versus Brad Winchester in Atomiques zone.
19:34 of 3rd period - Wrist shot by Stephane Veilleux.
19:34 of 3rd period - Shot Blocked by Alexandre Daigle.
19:36 of 3rd period - Slapshot by Yannick Weber.
19:36 of 3rd period - Stopped by Curtis McElhinney without a rebound.
19:37 of 3rd period - Brad Winchester wins face-off versus Stephane Veilleux in Atomiques zone.
19:42 of 3rd period - Minor Penalty to Yannick Weber for Holding Stick.
19:43 of 3rd period - Brad Winchester wins face-off versus Jonathan Ferland in Inferno zone.
19:54 of 3rd period - Wrist shot by Brad Winchester.
19:54 of 3rd period - Shot Hit the Post.
Goals for this period are 0 for Atomiques vs 1 for Inferno.
Shots for this period are 11 for Atomiques vs 12 for Inferno.
Output by the SimonT Hockey Simulator (STHS) for François Prévost -- Original Page W3C XHTML 1.0 Valid